 Dungeon Crawl Stone Soup version 0.24-a0-515-gbe7f5e2e8d (webtiles) character file.

Game seed: 15960692610572499855

191 Inquire the Vandal (level 5, -3/40 HPs)
             Began as a Mummy Arcane Marksman on July 21, 2019.
             Slain by a worker ant (6 damage)
             ... on level 4 of the Dungeon.
             The game lasted 00:03:49 (3358 turns).

Inquire the Vandal (Mummy Arcane Marksman)          Turns: 3358, Time: 00:03:50

Health: -3/40      AC:  5    Str: 14    XL:     5   Next: 42%
Magic:  7/7        EV: 12    Int: 12    God:
Gold:   106        SH:  0    Dex: 13    Spells: 5/6 levels left

rFire    x . .     SeeInvis .   a - +1 hunting sling
rCold    + . .     Gourm    .   (no shield)
rNeg     + + +     Faith    .   e - +1 robe
rPois    ∞         Spirit   .   (no helmet)
rElec    .         Reflect  .   b - +0 cloak
rCorr    .         Harm     .   (no gloves)
MR       .....                  m - +0 pair of boots
Stlth    +.........             (no amulet)
HPRegen  0.13/turn              c - ring of flight
MPRegen  0.10/turn              (no ring)

@: no status effects
A: no food or potions, fire vulnerability, cold resistance 1, negative energy
resistance 3, torment resistance, unbreathing
a: Evoke Flight


You were on level 4 of the Dungeon.
You were not hungry.

You visited 1 branch of the dungeon, and saw 4 of its levels.

You collected 106 gold pieces.

Inventory:

Hand Weapons
 a - a +1 hunting sling (weapon)
 i - a +2 war axe of venom
Missiles
 d - 43 sling bullets (quivered)
 j - 8 stones
 n - 8 poisoned darts
Armour
 b - a +0 cloak (worn)
 e - a +1 robe (worn)
 m - a +0 pair of boots (worn)
Jewellery
 c - a ring of flight (left hand)
Wands
 f - a wand of random effects (17)
 g - a wand of digging (7)
Scrolls
 h - 2 scrolls of remove curse
 k - a scroll of teleportation
 l - 2 scrolls of identify
 o - a scroll of magic mapping


   Skills:
 + Level 2.9 Fighting
 * Level 0.9 Axes
 * Level 3.8 Slings
 - Level 1.5 Dodging
 - Level 1.3 Spellcasting
 - Level 2.6 Hexes


You had 5 spell levels left.
You knew the following spells:

 Your Spells              Type           Power        Failure   Level  Hunger
a - Corona                Hex            #......      10%         1    N/A

Your spell library contained the following spells:

 Spells                   Type           Power        Failure   Level  Hunger
 Slow                     Hex            #.......     14%         2    N/A
 Inner Flame              Hex/Fire       #.......     45%         3    N/A
 Portal Projectile        Hex/Tloc       #.....       45%         3    N/A
 Cause Fear               Hex            #.........   67%         4    N/A
 Leda's Liquefaction      Hex/Erth       #.........   86%         4    N/A

Dungeon Overview and Level Annotations

Branches:
Dungeon (4/15)
 Temple: D:4-7

Altars:

Shops:
D:4 =::


Innate Abilities, Weirdness & Mutations

You do not eat or drink.
Your flesh is vulnerable to fire.
You are immune to poison.
Your flesh is cold resistant. (rC+)
You are immune to negative energy. (rN+++)
You are immune to unholy pain and torment.
You can survive without breathing.


Message History

You shoot a sling bullet. The sling bullet hits the worker ant.
The worker ant is almost dead.
The worker ant bites you.
* * * LOW HITPOINT WARNING * * *
Unknown command.
Firing (i - inventory. (/) - cycle)
d - 45 sling bullets (quivered)
Press: ? - help, Shift-Dir - straight line, f/p - worker ant
Aim: a worker ant (almost dead)
You shoot a sling bullet.
The sling bullet closely misses the worker ant.
The worker ant bites you.
* * * LOW HITPOINT WARNING * * *
Unknown command.
Firing (i - inventory. (/) - cycle)
d - 44 sling bullets (quivered)
Press: ? - help, Shift-Dir - straight line, f/p - worker ant
Aim: a worker ant (almost dead)
You shoot a sling bullet.
The sling bullet barely misses the worker ant.
The worker ant misses you. The worker ant bites you.
You die...

.....#.##.##........####.#.##(###
.....#.##.#...........##.#.##....
.....#..#.#.####....#.##.#.##..##
....###.#.#.#.......#.##.#.##..#
....# #...#.#.#.....# #.......#
..[.####..#.#.#.....# ###.....#
...%##..............# #######
....####..#.#.#.#####.# #####
#.>#.#...@.....#
#..#.###.a..#.... #..#.....(#.# #
#..####(#(#.# #.<# ..... # ##.#
####.## #.# .(. #.# #(# #.#


You could see a worker ant.

Vanquished Creatures
  A hound (D:4)
  A worker ant (D:4)
  6 adders
  An ooze (D:1)
  3 worms (D:2)
  A dart slug (D:3)
  A leopard gecko (D:2)
  10 orcs
  7 bats
  2 giant cockroaches (D:2)
  4 goblins
  7 hobgoblins
  2 jackals (D:2)
  4 kobolds
  A ball python (D:1)
  4 frilled lizards
  8 rats
63 creatures vanquished.

Notes
Turn   | Place    | Note
-------+----------+-------------------------------------------
     0 | D:1      | Inquire the Mummy Arcane Marksman began the quest for the
                  | Orb.
     0 | D:1      | Reached XP level 1. HP: 15/15 MP: 2/2
   171 | D:1      | Reached skill level 2 in Slings
   249 | D:1      | Reached XP level 2. HP: 21/21 MP: 4/4
   323 | D:1      | You fall into a shaft and drop 1 floor!
   745 | D:2      | Reached XP level 3. HP: 17/27 MP: 5/5
  1001 | D:2      | You fall into a shaft and drop 2 floors!
  1097 | D:4      | Found Pioty's Book Shop.
  1110 | D:4      | Found Raruseu's Book Emporium.
  1128 | D:4      | Reached skill level 3 in Slings
  1128 | D:4      | Reached XP level 4. HP: 21/34 MP: 6/6
  1562 | D:4      | Found Nooptuzy's Jewellery Shop.
  1838 | D:3      | Reached XP level 5. HP: 32/39 MP: 7/7
  3358 | D:4      | Slain by a worker ant

Levels and vault maps discovered:
D:1:      lemuel_arrival_muddy, layout_loops_ring
D:2:      layout_basic
D:3:      layout_loops_cross, minmay_crystal_water
D:4:      layout_basic, serial_shops, shop, nicolae_shop_trees, shop,
          first_ration, uniq_natasha, uniq_sigmund

Skill      XL: |  1  2  3 |
---------------+----------+-----
Slings         | 2 3 |  3.8
Fighting       | 2 |  2.9
Axes           | |  0.9
Dodging        | |  1.5
Spellcasting   | |  1.3
Hexes          | |  2.6

Action                   |  1- 3 |  4- 6 || total
-------------------------+-------+-------++-------
 Fire: Hunting sling     |    83 |   168 ||   251
Throw: Dart              |       |     2 ||     2
Evoke: Wand              |       |     3 ||     3
  Use: Scroll            |     4 |     3 ||     7
Armor: Robe              |    11 |    18 ||    29
Dodge: Dodged            |    38 |    37 ||    75

Table legend:
 A = Non-vault XP
 B = Vault XP
 C = Vault XP percentage of total XP
 D = Non-vault monster count
 E = Vault monster count
 F = Vault count percentage of total count
                 A         B        C        D         E       F
            +---------+---------+-------+---------+---------+-------
      Total |     274 |       0 |   0.0 |      63 |       0 |   0.0
            +---------+---------+-------+---------+---------+-------
        D:1 |      38 |       0 |   0.0 |      14 |       0 |   0.0
        D:2 |      78 |       0 |   0.0 |      27 |       0 |   0.0
        D:3 |      68 |       0 |   0.0 |      19 |       0 |   0.0
        D:4 |      90 |       0 |   0.0 |       3 |       0 |   0.0
            +---------+---------+-------+---------+---------+-------
